 Dungeon Crawl Stone Soup version 0.31-a0-325-g067879e3d3 (webtiles) character file.

Game seed: 12482246456578350082

40 IdlyInterested the Cudgeller (level 3, -2/28 HPs)
             Began as a Demonspawn Gladiator on July 18, 2023.
             Slain by a quokka (6 damage)
             ... on level 2 of the Dungeon.
             The game lasted 00:04:22 (1186 turns).

IdlyInterested the Cudgeller (Demonspawn Gladiator) Turns: 1186, Time: 00:04:23

Health: -2/28      AC:  3    Str: 16    XL:     3   Next: 30%
Magic:  3/3        EV: 12    Int:  9    God:
Gold:   112        SH:  0    Dex: 14    Spells: 2/2 levels left

rFire   . . .        a - +0 flail
rCold   . . .        n - orb {mayhem}
rNeg    . . .        b - +0 leather armour
rPois   .            (helmet restricted)
rElec   .            (no cloak)
rCorr   .            (no gloves)
SInv    .            (no boots)
Will    .....        (no amulet)
Stlth   +            (no ring)
HPRegen 0.24/turn    (no ring)
MPRegen 0.08/turn

%: mayhem
@: no status effects
A: antennae 1
a: no special abilities


You were on level 2 of the Dungeon.
You visited 1 branch of the dungeon, and saw 2 of its levels.

You collected 112 gold pieces.

Inventory:

Hand Weapons
 a - a +0 flail (weapon)
 o - a +0 dagger of protection
Missiles
 d - 3 throwing nets
 e - a javelin
 f - 18 stones (quivered)
Armour
 b - a +0 leather armour (worn)
 n - an orb of mayhem (worn)
Scrolls
 g - a scroll of brand weapon {unknown}
 i - a scroll of fear {unknown}
 j - a scroll of poison {unknown}
 l - a scroll of vulnerability {unknown}
 m - 4 scrolls of amnesia {unknown}
Potions
 c - a potion of haste
 h - a potion of mutation {unknown}
 k - a potion of curing {unknown}
 p - a potion of might {unknown}
 q - a potion of enlightenment {unknown}
 r - a potion of degeneration {unknown}


   Skills:
 * Level 2.8 Fighting
 + Level 3.0 Maces & Flails
 - Level 1.7 Throwing
 - Level 1.0 Armour
 - Level 2.6 Dodging
 - Level 1.0 Stealth
 * Level 0.1 Evocations


You had 2 spell levels left.
You didn't know any spells.
Your spell library contained the following spells:

 Spells                   Type           Power      Damage    Failure   Level
 Magic Dart               Conj           0%         1d3       45%         1
 Searing Ray              Conj           0%         2d4       58%         2
 Fulminant Prism          Conj/Hex       0%         3d5       99%         4


Dungeon Overview and Level Annotations

Branches:
Dungeon (2/15)

Altars:


Innate Abilities, Weirdness & Mutations

You have a pair of small antennae on your head.


Message History

Throw: 21 stones
Press: ? - help, Q - select action, (/) - cycle Shift-Dir - straight line, f - kobold
Aim: a kobold, wielding a +0 dagger (47% to hit)
You throw a stone.
The stone hits the kobold but does no damage.
Throw: 20 stones
Press: ? - help, Q - select action, (/) - cycle Shift-Dir - straight line, f/p - kobold
Aim: a kobold, wielding a +0 dagger (47% to hit)
You throw a stone. The stone closely misses the kobold.
Throw: 19 stones
Press: ? - help, Q - select action, (/) - cycle Shift-Dir - straight line, f/p - kobold
Aim: a kobold, wielding a +0 dagger (47% to hit)
You throw a stone.
The stone hits the kobold but does no damage.
You closely miss the kobold.
The kobold hits you with a +0 dagger. x2
You hit the kobold.
You kill the kobold!
The quokka flies into a frenzy!
The quokka bites you but does no damage.
You barely miss the quokka. The quokka bites you. x2
You barely miss the quokka. The quokka closely misses you.
The quokka bites you. x2
You hit the quokka.
The quokka is severely wounded.
The quokka bites you.
* * * LOW HITPOINT WARNING * * *
The quokka closely misses you.
You barely miss the quokka.
The quokka is severely wounded.
The quokka closely misses you. The quokka bites you.
* * * LOW HITPOINT WARNING * * *
You miss the quokka.
The quokka is severely wounded.
The quokka bites you.
* * * LOW HITPOINT WARNING * * *
The quokka closely misses you. The quokka barely misses you.
You completely miss the quokka.
The quokka is severely wounded.
The quokka bites you.
You die...

#†#...#..#.#
#...####...#
#####......##
#.####..# # ##.#
###.#.### ####
#<......# .....
###.###.##......
...# #.@r......
### ####.^...)
..... .... ###


You could see a neutral quokka (fast, strong, insane).

Vanquished Creatures
  A dart slug (D:1)
  3 bats
  6 endoplasms
  A giant cockroach (D:1)
  2 goblins (D:1)
  3 hobgoblins
  3 jackals (D:2)
  A quokka (D:1)
  5 ball pythons (D:1)
  A frilled lizard (D:1)
  3 kobolds (D:2)
  6 rats (D:1)
35 creatures vanquished.

Vanquished Creatures (collateral kills)
  A kobold (D:2)
1 creature vanquished.

Grand Total: 36 creatures vanquished

Notes
Turn   | Place    | Note
-------+----------+-------------------------------------------
     0 | D:1      | IdlyInterested the Demonspawn Gladiator began the quest for
                  | the Orb.
     0 | D:1      | Reached XP level 1. HP: 16/16 MP: 1/1
   186 | D:1      | Discovered your monstrous ancestry.
   186 | D:1      | Gained mutation: You have a pair of small antennae on your
                  | head. [demonic ancestry]
   186 | D:1      | Reached XP level 2. HP: 23/23 MP: 2/2
   316 | D:1      | Reached skill level 1 in Armour
   959 | D:2      | Reached XP level 3. HP: 28/28 MP: 3/3
   992 | D:2      | Reached skill level 3 in Maces & Flails
  1144 | D:2      | Reached skill level 1 in Stealth
  1186 | D:2      | Slain by a quokka

Illustrated notes

Levels and vault maps discovered:
D:1:      dpeg_arrival_rooms_with_view, layout_loops_ring
D:2:      layout_basic

Skill      XL: |  1  2  3 |
---------------+----------+-----
Armour         | 1 |  1.0
Maces & Flails | 3 |  3.0
Stealth        | 1 |  1.0
Fighting       | |  2.8
Throwing       | |  1.7
Dodging        | |  2.6
Evocations     | |  0.1

Action                     || total
---------------------------++-------
  Melee: Flail             ||    92
  Throw: Stone             ||     5
    Use: Potion            ||     1
   Stab: Sleeping          ||     2
 Armour: Leather armour    ||    24
  Dodge: Dodged            ||    66

Table legend: (Time is in decaauts)
 A = Elapsed time spent in this place.
 B = Non-inter-level travel time spent in this place.
 C = Inter-level travel time spent in this place.
 D = Time resting spent in this place.
 E = Time spent auto-exploring this place.
 F = Levels seen in this place.
 G = Mean time per level.
                   A        B        C        D        E       F      G
               +--------+--------+--------+--------+--------+-----+--------+
         Total |   1194 |    981 |    213 |     39 |    552 |   2 |  597.0 |
       Dungeon |   1194 |    981 |    213 |     39 |    552 |   2 |  597.0 |
               +--------+--------+--------+--------+--------+-----+--------+

Top non-repeatable levels by time:
     D:1: 958 daAuts
     D:2: 236 daAuts
